AoeStats
← RagnarLothbrok

Arena

509092065Analyzed
4v4 RM · 7d ago on Sep 25, 2026· 41m 30s· 8 players
Game mode
Random Map
Map size
Large (8 player)
Population
200
Speed
Normal
Resources
Standard
Victory
Conquest
Starting age
Dark Age
Ending age
Imperial Age
RankedLock teamsTeams togetherTeam positionsShared explorationLock speedFull tech treeHidden civsTurbo modeCheats
Victory
Defeat
🇨🇳 Cumans · China
1511
+11
🇨🇳 Saxons · China
1477
+13
🇨🇳 Danes · China
1462
+13
🇨🇳 Varangians · China
1313
+19
🇺🇸 Bohemians · United States
1429
-15
🇩🇪 Bengalis · Germany
1397
-14
🇻🇪 Mongols · Venezuela
1396
-14
🇹🇷 Dravidians · Türkiye
1369
-13
EarlyQuitter
11:17 Feudal Age
15:33 Castle Age
14:31 Double-Bit Axe
14:26 Horse Collar
15:00 Gold Mining
17:03 Bow Saw
17:30 Wheelbarrow
21:33 Heavy Plow
22:17 Hand Cart
27:41 Imperial Age
24:57 Loom
25:38 Stone Mining
26:20 Ballistics
26:00 Fletching
26:10 Padded Archer Armor
26:54 Bodkin Arrow
27:17 Thumb Ring
27:13 Husbandry
28:10 Leather Archer Armor
28:00 Town Watch
28:25 Bracer
29:36 Chemistry
29:40 Elite Elephant Archer
30:51 Conscription
32:09 Ring Archer Armor
36:15 Bombard Tower
36:24 Scale Mail Armor
36:34 Forging
37:43 Medical Corps
39:48 Masonry
39:35 Murder Holes
42:09 Two-Man Saw
egenem17
10:25 Feudal Age
14:22 Castle Age
14:32 Loom
17:55 Town Watch
18:13 Town Watch
18:20 Town Watch
21:05 Double-Bit Axe
21:06 Horse Collar
31:16 Bow Saw
31:09 Stone Mining
32:16 Heavy Plow
32:07 Fletching
32:57 Wheelbarrow
31:47 Elite Skirmisher
34:06 Bodkin Arrow
34:32 Ballistics
35:13 Masonry
37:20 Padded Archer Armor
40:17 Imperial Age
37:48 Gold Mining
38:18 Fortified Wall
38:57 Leather Archer Armor
Skirm2OP
10:34 Feudal Age
14:31 Castle Age
13:28 Horse Collar
13:36 Double-Bit Axe
15:52 Bow Saw
16:38 Fervor
19:08 Loom
20:25 Wheelbarrow
21:25 Heavy Plow
22:20 Hand Cart
27:31 Imperial Age
24:49 Pikeman
25:30 Squires
25:32 Scale Mail Armor
27:18 Chemistry
27:14 Chain Mail Armor
26:50 Fletching
27:51 Houfnice
29:11 Halberdier
31:46 Forging
31:33 Bodkin Arrow
32:50 Conscription
35:41 Plate Mail Armor
38:37 Two-Man Saw
38:51 Siege Engineers
RagnarLothbrok
10:29 Feudal Age
14:41 Castle Age
12:42 Double-Bit Axe
12:37 Horse Collar
14:57 Scale Barding Armor
16:10 Bow Saw
20:15 Heavy Plow
21:42 Wheelbarrow
20:54 Loom
23:23 Bloodlines
24:38 Forging
27:09 Iron Casting
27:14 Gold Mining
27:36 Stone Mining
31:55 Imperial Age
30:24 Chain Barding Armor
30:16 Bloodlines
30:06 Husbandry
30:56 Fletching
31:32 Bodkin Arrow
32:02 Ballistics
32:29 Padded Archer Armor
33:43 Chemistry
33:14 Husbandry
33:41 Conscription
34:08 Leather Archer Armor
33:53 Town Watch
34:19 Thumb Ring
35:23 Gold Shaft Mining
35:23 Stone Shaft Mining
35:12 Bracer
36:24 Onager
38:38 Elite Mangudai
40:27 Siege Onager
箜声
10:00 Feudal Age
13:48 Castle Age
13:33 Double-Bit Axe
13:31 Horse Collar
15:37 Bow Saw
22:21 Heavy Plow
24:05 Wheelbarrow
27:37 Imperial Age
24:53 Loom
25:07 Fletching
25:45 Bodkin Arrow
25:50 Padded Archer Armor
26:44 Ballistics
27:34 Leather Archer Armor
27:31 Husbandry
27:42 Bloodlines
27:40 Thumb Ring
28:18 Hand Cart
28:15 Gold Mining
29:31 Chemistry
28:39 Bracer
29:27 Cranequins
31:01 Conscription
30:35 Heavy Mounted Crossbowman
31:30 Siege Engineers
32:22 Ring Archer Armor
35:22 Capped Ram
37:34 Coinage
38:11 Siege Ram
红黑EX
11:06 Feudal Age
14:56 Castle Age
13:32 Double-Bit Axe
13:29 Horse Collar
15:28 Wheelbarrow
15:57 Bow Saw
16:53 Heavy Plow
28:58 Imperial Age
27:21 Scale Barding Armor
27:26 Forging
27:47 Bloodlines
27:37 Husbandry
27:35 Vendel Legacy
29:03 Chain Barding Armor
30:06 Conscription
29:20 Cavalier
30:44 Plate Barding Armor
30:44 Iron Casting
31:32 Gold Mining
31:37 Capped Ram
33:56 Siege Engineers
33:13 Siege Ram
35:02 Hand Cart
34:29 Elite Varangian Guard
35:42 Squires
35:46 Scale Mail Armor
36:12 Loom
37:03 Chain Mail Armor
36:39 Gothikon
38:21 Light Cavalry
40:03 Blast Furnace
39:35 Plate Mail Armor
ElitePlastic
10:53 Feudal Age
11:32 Double-Bit Axe
14:26 Castle Age
12:40 Horse Collar
15:31 Bow Saw
19:44 Wheelbarrow
20:27 Stone Mining
21:16 Gold Mining
22:39 Gold Shaft Mining
27:29 Imperial Age
25:21 Heavy Plow
25:35 Scale Mail Armor
26:45 Hand Cart
27:39 Chain Mail Armor
27:35 Forging
27:29 Clerical Recruitment
29:13 Conscription
29:10 Block Printing
29:37 Shield Wall
32:52 Iron Casting
32:48 Plate Mail Armor
33:09 Redemption
33:19 Squires
33:05 Gambesons
32:57 Elite Hearth Troop
34:39 Hoardings
41:46 Gold Shaft Mining
neutron_star
8:27 Feudal Age
8:58 Double-Bit Axe
12:28 Loom
14:15 Town Watch
14:29 Horse Collar
25:07 Castle Age
25:23 Town Watch
32:35 Wheelbarrow
32:13 Bow Saw
31:54 Gold Mining
31:54 Stone Mining
37:12 Imperial Age
35:01 Hand Cart
36:04 Bloodlines
36:43 Gold Shaft Mining
36:15 Scale Barding Armor
36:21 Forging
35:37 Light Cavalry
38:00 Chain Barding Armor
37:41 Heavy Plow
37:54 Masonry
37:22 Hussar
38:39 Iron Casting
40:32 Plate Barding Armor
41:25 Blast Furnace
41:45 Conscription
Connection lost

Rejoining the realm…

Still unreachable

The connection could not be restored.

Session expired

The server has moved on; the page needs a fresh start.